 Dungeon Crawl Stone Soup version 0.21.0-3-g78d12a8 (webtiles) character file.

22 Musashi the Stinger (level 2, -8/22 HPs)
             Began as a Naga Venom Mage on Jan 15, 2018.
             Mangled by a worm (12 damage)
             ... on level 2 of the Dungeon.
             The game lasted 00:09:27 (1044 turns).

Musashi the Stinger (Naga Venom Mage)               Turns: 1044, Time: 00:09:29

Health: -8/22      AC:  1    Str: 10    XL:     2   Next: 91%
Magic:  5/5        EV: 10    Int: 15    God:
Gold:   106        SH:  0    Dex: 11    Spells: 2/5 levels left

rFire    . . .     SeeInvis +   a - +0 short sword
rCold    . . .     Gourm    .   (no shield)
rNeg     . . .     Faith    .   o - +0 robe
rPois    +         Spirit   .   (no helmet)
rElec    .         Reflect  .   (no cloak)
rCorr    .         Harm     .   (no gloves)
MR       .....                  (no barding)
Stlth    ++........             (no amulet)
HPRegen  0.07/turn              (no ring)
MPRegen  0.09/turn              (no ring)

@: lethally poisoned (-8 -> -11), very slow
A: large, see invisible, deformed body, poison resistance, slowness 2, slow
metabolism 1, spit poison 1, AC +0
a: Spit Poison


You were on level 2 of the Dungeon.
You were not hungry.

You visited 1 branch of the dungeon, and saw 2 of its levels.

You collected 106 gold pieces.

Inventory:

Hand Weapons
 a - a +0 short sword (weapon)
Missiles
 d - 25 bolts
 f - 38 arrows
 h - 47 stones (quivered)
Armour
 o - a +0 robe (worn)
Jewellery
 g - a cursed ring of teleportation {unknown}
 k - an uncursed amulet of rage {unknown}
Scrolls
 e - a scroll of identify {unknown}
 m - a scroll of teleportation {unknown}
 p - 3 scrolls of immolation {unknown}
Potions
 i - a potion of lignification {unknown}
 j - 2 potions of magic {unknown}
 l - a potion of haste {unknown}
 n - 2 potions of curing {unknown}
Books
 b - a Young Poisoner's Handbook

   Spells                             Type                      Level
   a - Sting                          Conjuration/Poison           1
   b - Poisonous Vapours              Poison/Air                   2
   c - Mephitic Cloud                 Conjuration/Poison/Air       3
   d - Olgreb's Toxic Radiance        Poison                       4
   e - Venom Bolt                     Conjuration/Poison           5
Comestibles
 c - 3 rations


   Skills:
 + Level 1.8 Dodging
 + Level 3.2 Stealth
 + Level 0.4 Unarmed Combat
 + Level 2.1 Spellcasting
 + Level 1.0 Conjurations
 + Level 4.7 Poison Magic


You had 2 spell levels left.
You knew the following spells:

 Your Spells              Type           Power        Failure   Level  Hunger
a - Sting                 Conj/Pois      ##..         7%          1    #......
b - Poisonous Vapours     Pois/Air       #.....       12%         2    ###....


Dungeon Overview and Level Annotations

Branches:
Dungeon (2/15)

Altars:


Innate Abilities, Weirdness & Mutations

You cannot wear boots.
Your serpentine skin is tough. (AC +0)
You have supernaturally acute eyesight. (SInv)
Armour fits poorly on your strangely shaped body.
Your system is resistant to poisons. (rPois)
You cover ground very slowly.
You have a slow metabolism.
You can spit poison.


Message History

You barely miss the worm.
The worm is moderately wounded.
The adder closely misses you. The worm closely misses you.
The adder misses you.
You hit the worm.
The worm is severely wounded.
The adder bites you.
You are poisoned.
The adder poisons you!
You hit the worm but do no damage. Your punch misses the worm.
The worm is severely wounded.
You feel sick. The adder bites you. The worm bites you.
* * * LOW HITPOINT WARNING * * *
You hit the worm.
The worm is almost dead.
The adder bites you.
* * * LOW HITPOINT WARNING * * *
The adder barely misses you. The worm bites you!
Ouch! That really hurt!
You die...

#..### #....# #.##..#
##.# ... ####..# .
##.....## ##.......##
#......w..#
#......@..# .
#......S..#...$ #####
##...........# #..<#
#..........###
#...###...........##
#...................
#>..##.#...........##
#....................
#...#..........>.#..#.


You could see a worm and an adder.

Vanquished Creatures
  2 dart slugs
  A giant cockroach (D:1)
  A goblin (D:1)
  5 hobgoblins (D:1)
  2 kobolds (D:1)
  A ball python (D:1)
  A bat (D:1)
  2 frilled lizards (D:1)
  3 rats (D:1)
18 creatures vanquished.

Notes
Turn   | Place    | Note
-------+----------+-------------------------------------------
     0 | D:1      | Musashi the Naga Venom Mage began the quest for the Orb.
     0 | D:1      | Reached XP level 1. HP: 15/15 MP: 3/3
   226 | D:1      | Reached XP level 2. HP: 22/22 MP: 5/5
   383 | D:1      | Learned a level 2 spell: Poisonous Vapours
  1044 | D:2      | Mangled by a worm

Action                   || total
-------------------------++-------
Melee: Unarmed           ||    20
       Short sword       ||     9
Throw: Stone             ||     1
 Abil: Spit Poison       ||    22
  Eat: Chunk             ||     1
Armor: Robe              ||     1
Dodge: Dodged            ||    24
